 Dungeon Crawl Stone Soup version 0.31.0-9-g3a7656b989 (webtiles) character file.

Game seed: 15959143616056728109

1365 stipulation the Grappler (level 8, -1/63 HPs)
             Began as a Ghoul Monk on Jan 24, 2024.
             Was a Believer of Wu Jian.
             Slain by a wight
             ... wielding a +2 hand axe
              (4 damage)
             ... on level 6 of the Dungeon.
             The game lasted 00:02:32 (4954 turns).

stipulation the Grappler (Ghoul Monk)               Turns: 4954, Time: 00:02:32

Health: -1/63      AC: 11    Str: 17    XL:     8   Next: 65%
Magic:  8/8        EV:  5    Int:  9    God:    Wu Jian [**....]
Gold:   203        SH:  0    Dex: 11    Spells: 7/7 levels left

rFire   . .          .
                       - Unarmed
rCold   + . .        c - orb {light}
rNeg    + + +        p - +0 plate armour
rPois   ∞            n - +0 helmet
rElec   .            (no cloak)
rCorr   .            (no gloves)
SInv    .            (no boots)
Will    .....        (no amulet) Stlth
                     (no ring)
HPRegen 0.00/turn    (no ring)
MPRegen 0.11/turn

%: no passive effects
@: inhibited regen, glowing
A: claws 1, cold resistance 1, negative energy resistance 3, inhibited
regeneration, torment resistance 2, devour on kill
a: Renounce Religion, Wall Jump


You were on level 6 of the Dungeon.
You worshipped Wu Jian.
Wu Jian was pleased with you.
You visited 2 branches of the dungeon, and saw 7 of its levels.

You collected 203 gold pieces.

Inventory:

Armour
 a - a +0 robe
 c - an orb of light (worn)
 n - a +0 helmet (worn)
 p - a +0 plate armour (worn)
Jewellery
 k - a ring of protection from fire
 s - an amulet of the acrobat
Wands
 o - a wand of flame (46)
 q - a wand of paralysis (5)
Scrolls
 b - a scroll of fog {unknown}
 e - a scroll of fear
 f - 3 scrolls of vulnerability {unknown}
 h - a scroll of revelation {unknown}
 m - a scroll of butterflies {unknown}
 r - a scroll of brand weapon {unknown}
Potions
 d - 2 potions of might {unknown}
 g - 2 potions of degeneration
 i - 2 potions of brilliance {unknown}
 j - a potion of enlightenment {unknown}
 t - 2 potions of cancellation


   Skills:
 - Level 3.2 Fighting
 - Level 2.6 Dodging
 + Level 11.7 Unarmed Combat


You had 7 spell levels left.
You didn't know any spells.
Your spell library contained the following spells:

 Spells                   Type           Power      Damage    Failure   Level
 Summon Small Mammal      Summ           0%         N/A       100%        1
 Call Canine Familiar     Summ           0%         N/A       100%        3
 Summon Blazeheart Golem  Fire/Summ      0%         N/A       100%        4
 Haunt                    Necr/Summ      0%         N/A       100%        7
 Borgnjor's Revivificati  Necr           Unusable   N/A       N/A         8
 Death's Door             Necr           Unusable   N/A       N/A         9

Dungeon Overview and Level Annotations

Branches:
Dungeon (6/15)             Temple (1/1) D:5

Altars:
Ashenzari
Cheibriados
Dithmenos
Fedhas
Gozag
Hepliaklqana
Kikubaaqudgha
Makhleb
Nemelex Xobeh
Okawaru
Ru
Sif Muna
Trog
Uskayaw
Vehumet
Wu Jian
Xom
Yredelemnul

Shops:
D:2 :


Innate Abilities, Weirdness & Mutations

You are immune to poison.
You have sharp fingernails.
Your flesh is cold resistant. (rC+)
You are immune to negative energy. (rN+++)
You do not regenerate when monsters are visible.
You are immune to unholy pain and torment.
You thrive by killing the living.


Message History

You claw Sigmund!
You kill Sigmund!
The Council accepts your kill.
You feel better.
Reactivating autopickup.
Your Unarmed Combat skill increases to level 11!
You lunge at the wight.
You claw the wight!
The wight is severely damaged.
The wight hits you but does no damage.
Things that are here:
a +4 scythe of flaming; a +0 robe You feel better.
The wight barely misses you.
You scratch the wight but do no damage.
The wight is severely damaged.
The wight hits you with a +0 hand axe.
You claw the wight!
You destroy the wight!
The Council accepts your kill.
You claw the wight!
The wight is heavily damaged.
A wight comes into view. It is wielding a +2 short sword.
The wight hits you with a +3 great sword.
* * * LOW HITPOINT WARNING * * *
The wight hits you with a +2 hand axe.
* * * LOW HITPOINT WARNING * * *
You claw the wight!
The wight is almost destroyed.
The wight hits you with a +3 great sword!
* * * LOW HITPOINT WARNING * * *
The wight barely misses you.
You claw the wight!
You destroy the wight!
The Council accepts your kill.
You claw the wight!
The wight is heavily damaged.
The wight barely misses you.
You scratch the wight.
The wight is severely damaged.
The wight hits you with a +2 hand axe.
You die...

####
#...##
#..#.
##...#
.z..#
#)z.#
#@#
#)#
#)#
####.#
#....#
#.####
#.#
#.#
#.#


You could see 2 wights.

Vanquished Creatures
  Sigmund (D:6)
  2 water moccasins (D:5)
  Duvessa (D:6)
  A black bear (D:5)
  A scorpion (D:5)
  2 wights (D:6)
  Dowan (D:6)
  2 bombardier beetles (D:5)
  A jelly (D:5)
  4 orc priests
  A sleepcap (D:5)
  3 orc wizards
  Natasha (thrice) (D:2)
  2 iguanas (D:5)
  4 adders
  2 dart slugs
  3 ribbon worms
  16 orcs
  4 ball pythons
  4 bats
  11 endoplasms
  3 giant cockroaches
  5 goblins
  9 hobgoblins
  4 quokkas
  5 kobolds
  5 rats
100 creatures vanquished.

Notes
Turn   | Place    | Note
-------+----------+-------------------------------------------
     0 | D:1      | stipulation the Ghoul Monk began the quest for the Orb.
     0 | D:1      | Reached XP level 1. HP: 19/19 MP: 1/1
    74 | D:1      | Reached XP level 2. HP: 22/26 MP: 2/2
   136 | D:1      | Found a faded altar of an unknown god.
   142 | D:1      | Got Plato's Almanac of the Swarm
   161 | D:1      | Reached skill level 4 in Unarmed Combat
   722 | D:2      | Reached XP level 3. HP: 31/31 MP: 3/3
   878 | D:2      | Noticed Natasha
   886 | D:2      | Killed Natasha
   887 | D:2      | Reached skill level 5 in Unarmed Combat
  1066 | D:2      | Noticed Natasha
  1073 | D:2      | Killed Natasha
  1074 | D:2      | Reached XP level 4. HP: 12/38 MP: 4/4
  1319 | D:2      | Noticed Natasha
  1325 | D:2      | Killed Natasha
  1332 | D:2      | Reached skill level 6 in Unarmed Combat
  1353 | D:2      | Found Hedesmacw's Book Shoppe.
  1635 | D:2      | Reached XP level 5. HP: 41/45 MP: 5/5
  2513 | D:4      | Found a hide-covered altar of Uskayaw.
  2685 | D:4      | Reached skill level 7 in Unarmed Combat
  2695 | D:4      | Reached XP level 6. HP: 17/51 MP: 6/6
  3147 | D:4      | Found a broken altar of Ashenzari.
  3251 | D:4      | Found a sacrificial altar of Ru.
  3530 | D:5      | Entered Level 5 of the Dungeon
  3571 | D:5      | Noticed a water moccasin
  3578 | D:5      | Killed a water moccasin
  3579 | D:5      | Reached skill level 8 in Unarmed Combat
  3648 | D:5      | Found a burning altar of Makhleb.
  3660 | D:5      | Reached XP level 7. HP: 29/57 MP: 7/7
  3663 | D:5      | Found a radiant altar of Vehumet.
  3663 | D:5      | Found a shimmering blue altar of Sif Muna.
  3663 | D:5      | Found a shimmering altar of Xom.
  3666 | D:5      | Found an opulent altar of Gozag.
  3698 | D:5      | Reached skill level 9 in Unarmed Combat
  4110 | D:5      | Reached skill level 10 in Unarmed Combat
  4323 | D:5      | Found a staircase to the Ecumenical Temple.
  4338 | D:5      | Reached XP level 8. HP: 59/63 MP: 8/8
  4346 | Temple   | Entered the Ecumenical Temple
  4367 | Temple   | Became a worshipper of the Wu Jian Council
  4367 | Temple   | Reached * piety under Wu Jian
  4367 | Temple   | Reached ** piety under Wu Jian
  4717 | D:6      | Noticed Dowan
  4719 | D:6      | Noticed Duvessa
  4727 | D:6      | Killed Duvessa
  4738 | D:6      | Killed Dowan
  4928 | D:6      | Noticed Sigmund
  4945 | D:6      | Killed Sigmund
  4946 | D:6      | Reached skill level 11 in Unarmed Combat
  4951 | D:6      | HP: 3/63 [wight/+3 great sword (8)]
  4954 | D:6      | Slain by a wight

Illustrated notes

Levels and vault maps discovered:
D:1:      matt_arrival_grand_opening, layout_basic,
          shapermc_ecumenical_altar_rom_forum
D:2:      layout_loops_corners, serial_shops, nicolae_book_shop_shelving,
          uniq_natasha
D:3:      kennysheep_big_flooded_room, layout_rooms
D:4:      layout_layer_cave, cheibrodos_ashenzari_chains,
          nicolae_uskayaw_murder_on_the_dancefloor,
          mainiacjoe_overflow_chevrons, st_stairs_9
D:5:      layout_gridville, grunt_temple_overflow_open,
          minmay_temple_entry_wispy, grunt_decor_resistance,
          kennysheep_generic_room_10
D:6:      layout_loops_ring, gammafunk_ghost_hive, nicolae_shop_clearance,
          uniq_duvessa, uniq_sigmund
Temple:   zaba_magenta_temple

Skill      XL: |  1  2  3  4  5  6  7  8 |
---------------+-------------------------+-----
Unarmed Combat | 4 5 6 7 8 10 11 | 11.7
Fighting       | |  3.2
Dodging        | |  2.6

Action                     |  1- 3 |  4- 6 |  7- 9 || total
---------------------------+-------+-------+-------++-------
  Melee: Unarmed           |    50 |   111 |   112 ||   273
Ability: Lunge             |       |       |     7 ||     7
    Use: Scroll            |       |     4 |       ||     4
         Potion            |       |       |     2 ||     2
 Armour: Robe              |    25 |     8 |       ||    33
         Plate armour      |       |   106 |   119 ||   225
  Dodge: Dodged            |    21 |    29 |    33 ||    83
